 Dungeon Crawl Stone Soup version 0.30-a0-600-gb7c8574cbb (webtiles) character file.

Game seed: 3058522034512099378

125 M4edhros the Ducker (level 5, -3/37 HPs)
             Began as an Octopode Fighter on Jan 7, 2023.
             Slain by a gnoll
             ... wielding a +0 halberd
             ... led by a gnoll bouda
              (14 damage)
             ... on level 4 of the Dungeon.
             The game lasted 00:01:56 (2226 turns).

M4edhros the Ducker (Octopode Fighter)              Turns: 2226, Time: 00:01:57

Health: -3/37      AC:  1    Str: 14 (15) XL:     5   Next: 9%
Magic:  5/5        EV: 13    Int:  9 (11) God:
Gold:   246        SH:  4    Dex: 10 (13) Spells: 4/4 levels left

rFire   . . .      SeeInvis .    a - +0 trident
rCold   . . .      Faith    .    b - +0 buckler
rNeg    . . .      Spirit   .    (helmet restricted)
rPois   .          Reflect  .    (no amulet)
rElec   .          Harm     .    d - ring of willpower
rCorr   .          Rampage  .    (no ring)
Will    +....                    (no ring)
Stlth   ++                       (no ring)
HPRegen 0.26/turn                (no ring)
MPRegen 0.09/turn                (no ring)
                                 (no ring)
                                 (no ring)

@: mighty, weakened, attractive
A: almost no armour, amphibious, 8 rings, camouflage 1, gelatinous body 1,
(nimble swimmer 1), tentacles
a: no special abilities


You were on level 4 of the Dungeon.
You visited 1 branch of the dungeon, and saw 4 of its levels.

You collected 246 gold pieces.

Inventory:

Hand Weapons
 a - a +0 trident (weapon)
Missiles
 r - 2 throwing nets (quivered)
Armour
 b - a +0 buckler (worn)
Jewellery
 d - a ring of willpower (left tentacle)
Scrolls
 e - 2 scrolls of fog {unknown}
 j - 3 scrolls of identify {unknown}
 l - a scroll of magic mapping {unknown}
 m - a scroll of acquirement {unknown}
 p - 2 scrolls of immolation {unknown}
 q - a scroll of teleportation {unknown}
 s - a scroll of noise {unknown}
Potions
 c - a potion of might
 f - a potion of lignification {unknown}
 g - 2 potions of attraction
 k - a potion of heal wounds {unknown}
 n - a potion of cancellation {unknown}
 o - a potion of ambrosia {unknown}


   Skills:
 + Level 3.7 Fighting
 + Level 3.0 Polearms
 + Level 3.8 Dodging
 + Level 3.8 Shields


You had 4 spell levels left.
You didn't know any spells.
Your spell library contained the following spells:

 Spells                   Type           Power      Damage    Failure   Level
 Beastly Appendage        Tmut           0%         N/A       45%         1
 Wereblood                Tmut           0%         N/A       61%         2
 Spider Form              Tmut/Pois      0%         N/A       83%         3
 Summon Forest            Summ/Tloc      0%         N/A       100%        5
 Summon Mana Viper        Hex/Summ       0%         N/A       100%        5
 Summon Cactus Giant      Summ           0%         N/A       100%        6


Dungeon Overview and Level Annotations

Branches:
Dungeon (4/15)
 Temple: D:4-7

Altars:
Fedhas


Innate Abilities, Weirdness & Mutations

You cannot wear most types of armour.
You are amphibious.
You can wear up to eight rings at the same time.
Your skin changes colour to match your surroundings (Stealth+).
Your rubbery body absorbs attacks. (AC +1, EV +1)
((You are camouflaged when in or above water. (Stealth+)))
You have tentacles for arms and can constrict up to eight enemies at once.


Message History

The gnoll bouda gazes fiercely through you!
You feel your attacks grow feeble.
There are monsters nearby!
A gnoll comes into view. It is wielding a +0 halberd.
There are monsters nearby!
You reach to attack!
You puncture the gnoll!
The gnoll is heavily wounded.
The gnoll hits you from afar with a +0 halberd!
There are monsters nearby!
You reach to attack!
You hit the gnoll.
The gnoll is severely wounded.
The gnoll hits you from afar with a +0 halberd.
You aren't carrying any items that you can evoke.
Okay, then.
You feel very mighty all of a sudden.
The gnoll hits you from afar with a +0 halberd!
* * * LOW HITPOINT WARNING * * *
It was a potion of attraction.
You feel attractive to monsters. The gnoll misses you.
Reach: a) +0 trident
Press: ? - help, Dir - move target, f/p - gnoll
Aim: a gnoll, wielding a +0 halberd (severely wounded, about 39% to evade your +0 trident)
The gnoll bouda is in the way.
You completely miss the gnoll bouda. You grab the gnoll bouda.
You constrict the gnoll bouda, but do no damage.
The gnoll bouda barks out a call to the hunt!
The gnolls pick up the pace!
The gnoll hits you from afar with a +0 halberd!
* * * LOW HITPOINT WARNING * * *
It was a potion of degeneration.
There was something very wrong with that liquid.
You feel weakened.
You feel dopey.
You feel clumsy.
You constrict the gnoll bouda, but do no damage.
The gnoll bouda gazes fiercely through you!
You feel as though you will be weak longer.
You block the gnoll bouda's attack. The gnoll misses you.
It was a potion of curing.
You feel better.
You constrict the gnoll bouda.
The gnoll hits you from afar with a +0 halberd!
You die...

#..#....#.#
#.#....#..#
##....#...#
#.....#####
##....#...#
#.#....#..#
#..#....#.#
#..(#....##
#####@....#
#g##.....


gg# ##### ..g# ....# ...... ####### You could see a gnoll bouda and 3 gnolls.

Vanquished Creatures
  Jessica (D:2)
  4 adders
  3 worms
  3 dart slugs
  6 ball pythons
  2 endoplasms
  3 giant cockroaches
  4 goblins
  3 hobgoblins
  A quokka (D:1)
  5 bats
  4 frilled lizards
  9 kobolds
  6 rats
54 creatures vanquished.

Notes
Turn   | Place    | Note
-------+----------+-------------------------------------------
     0 | D:1      | M4edhros the Octopode Fighter began the quest for the Orb.
     0 | D:1      | Reached XP level 1. HP: 16/16 MP: 1/1
   125 | D:1      | Found a faded altar of an unknown god.
   209 | D:1      | Reached XP level 2. HP: 21/21 MP: 2/2
   797 | D:2      | Reached XP level 3. HP: 25/26 MP: 3/3
   879 | D:2      | Noticed Jessica
   894 | D:2      | Killed Jessica
   895 | D:2      | Reached XP level 4. HP: 26/31 MP: 4/4
   994 | D:2      | Found a blossoming altar of Fedhas.
  2144 | D:4      | Reached XP level 5. HP: 31/37 MP: 5/5
  2226 | D:4      | Slain by a gnoll

Illustrated notes

Levels and vault maps discovered:
D:1:      amcnicky_arrival_double_pillar, layout_basic,
          hellmonk_ecumenical_altar_heavens_door
D:2:      layout_basic, basic_altar, corexii_hall_statues_s, dk_noncrumbling_4,
          minmay_pentomino_s2, uniq_jessica
D:3:      wander_river, layout_loops_ring, serial_bayou_crossing
D:4:      layout_loops_ring, nicolae_elyvilon_temple_path,
          hangedman_decor_diamond_cutter, uniq_menkaure

Skill      XL: |  1  2  3  4 |
---------------+-------------+-----
Polearms       | 3 |  3.0
Fighting       | |  3.7
Dodging        | |  3.8
Shields        | |  3.8

Action                   |  1- 3 |  4- 6 || total
-------------------------+-------+-------++-------
Melee: Trident           |    68 |    55 ||   123
       Constrict         |    13 |    11 ||    24
       Tentacles         |    11 |    11 ||    22
  Use: Potion            |       |     4 ||     4
 Stab: Sleeping          |     8 |     8 ||    16
Armor: Skin              |     3 |     1 ||     4
Dodge: Dodged            |    26 |    18 ||    44
Block: Buckler           |    10 |     7 ||    17

Table legend: (Time is in decaauts)
 A = Elapsed time spent in this place.
 B = Non-inter-level travel time spent in this place.
 C = Inter-level travel time spent in this place.
 D = Time resting spent in this place.
 E = Time spent auto-exploring this place.
 F = Levels seen in this place.
 G = Mean time per level.
                   A        B        C        D        E       F      G
               +--------+--------+--------+--------+--------+-----+--------+
         Total |   2251 |   2167 |     84 |      0 |   1774 |   4 |  562.8 |
       Dungeon |   2251 |   2167 |     84 |      0 |   1774 |   4 |  562.8 |
               +--------+--------+--------+--------+--------+-----+--------+

Top non-repeatable levels by time:
     D:2: 732 daAuts
     D:1: 720 daAuts
     D:3: 701 daAuts
     D:4: 97 daAuts
